 Dungeon Crawl Stone Soup version 0.32-a0-391-gce5c0aab1b (webtiles) character file.

Game seed: 7482313496178700561

17498 jasper the Carver (level 12, 0/141 HPs)
             Began as a Coglin Gladiator on Feb 19, 2024.
             Was an Elder of Cheibriados.
             Slain by an elephant (5 damage)
             ... on level 3 of the Lair of Beasts.
             The game lasted 00:21:37 (14562 turns).

jasper the Carver (Coglin Gladiator)               Turns: 14562, Time: 00:21:38

Health: 0/141      AC: 26    Str: 30    XL:     12   Next: 48%
Magic:  0/15       EV:  2    Int: 17    God:    Cheibriados [****..]
Gold:   256        SH:  0    Dex: 29    Spells: 8/11 levels left

rFire   . . .        a - +1 long sword {Bo}
rCold   . . .        J - +0 falchion {Lucía}
rNeg    . . .        m - melded +0 plate armour
rPois   +            c - melded +0 helmet
rElec   .            (cloak currently unavailable)
rCorr   .            q - melded +0 pair of gloves
SInv    .            B - melded +2 pair of boots
Will    .....        p - amulet of guardian spirit
Stlth   ++           D - +6 ring of strength
HPRegen 0.43/turn    (no ring)
MPRegen 0.14/turn

%: guardian spirit
@: lethally poisoned (0 -> -3), tree-form, studying Polearms, revved, very slow
A: stationary, stasis, torment immunity, boosted hp, off-hand wielding, slow
wielding, warmup strikes, (warmup strides)
a: Renounce Religion, Bend Time, Temporal Distortion, Slouch


You were on level 3 of the Lair of Beasts.
You worshipped Cheibriados.
Cheibriados was greatly pleased with you.
You were a tree.
You visited 3 branches of the dungeon, and saw 15 of its levels.

You collected 692 gold pieces.
You spent 436 gold pieces at shops.

Inventory:

Hand Weapons
 a - a +1 long sword (weapon) {Bo}
 h - a +0 short sword {Myungok}
 r - a +0 rapier {Marduk-asir}
 y - a +1 short sword of speed {Mira}
 F - a +1 dagger of electrocution {Myungok}
 J - a +0 falchion (worn) {Lucía}
Missiles
 d - 2 throwing nets
 e - 7 javelins
 f - 3 poisoned darts (quivered)
 g - 155 stones
 t - 2 curare-tipped darts
 G - 4 boomerangs
 T - 3 darts of dispersal
Armour
 b - a +0 leather armour
 c - a +0 helmet (melded)
 m - a +0 plate armour (melded)
 o - a +0 chain mail
 q - a +0 pair of gloves (melded)
 v - the +2 leather armour of Dogmatism {Will+ Str+8 Slay-3}
   (You found it on level 4 of the Dungeon)

   Str+8:     It affects your strength (+8).
   Slay-3:    It affects your accuracy & damage with ranged weapons and melee
   (-3).
   Will+:     It increases your willpower.
 x - a +0 ring mail
 z - a +2 robe of cold resistance
 B - a +2 pair of boots (melded)
Jewellery
 p - an amulet of guardian spirit (around neck)
 s - an amulet of faith
 w - a ring of wizardry
 D - a +6 ring of strength (left branch)
 H - a ring of flight
 I - an amulet of the acrobat
Wands
 u - a wand of charming (3)
 L - a wand of flame (50)
 R - a wand of roots (3)
Scrolls
 j - 2 scrolls of fog
 n - a scroll of immolation
 K - a scroll of revelation
 Q - 2 scrolls of fear
 S - a scroll of teleportation
Potions
 i - 2 potions of attraction
 k - 4 potions of degeneration
 l - 2 potions of haste
 A - a potion of mutation
 C - 5 potions of magic
 E - 3 potions of cancellation
 N - 2 potions of might {unknown}
 O - a potion of enlightenment {unknown}
 P - 2 potions of brilliance {unknown}


   Skills:
 - Level 8.4 Fighting
 - Level 14.0 Long Blades
 - Level 1.7 Throwing
 - Level 7.3 Armour
 - Level 7.9 Dodging
 + Level 4.1 Invocations


You had 8 spell levels left.
You knew the following spells:

 Your Spells              Type           Power      Damage    Failure   Level
a - Blink                 Tloc           0%         N/A       34%         2
b - Apportation           Tloc           0%         N/A       24%         1

Your spell library contained the following spells:

 Spells                   Type           Power      Damage    Failure   Level
 Magic Dart               Conj           0%         1d3       24%         1
 Necrotise                Necr           0%         1d4       24%         1
 Sting                    Conj/Alch      0%         1d3       24%         1
 Call Imp                 Summ           0%         N/A       34%         2
 Jinxbite                 Hex            0%         N/A       34%         2
 Mercury Vapours          Alch/Air       0%         N/A       34%         2
 Scorch                   Fire           0%         2d5       34%         2
 Sublimation of Blood     Necr           0%         N/A       34%         2
 Dazzling Flash           Conj/Hex       0%         N/A       56%         3
 Frozen Ramparts          Ice            0%         1d1       56%         3
 Fugue of the Fallen      Necr           0%         N/A       56%         3
 Vampiric Draining        Necr           0%         2d6       56%         3
 Volatile Blastmotes      Fire/Tloc      0%         2d10      56%         3
 Flame Wave               Conj/Fire      0%         2d4       93%         4
 Leda's Liquefaction      Alch/Erth      0%         N/A       93%         4
 Martyr's Knell           Necr/Summ      0%         N/A       93%         4
 Olgreb's Toxic Radiance  Alch           0%         N/A       93%         4
 Petrify                  Alch/Erth      0%         N/A       93%         4
 Alistair's Intoxication  Alch           0%         N/A       100%        5
 Curse of Agony           Necr           0%         N/A       100%        5
 Metabolic Englaciation   Hex/Ice        0%         N/A       100%        5
 Starburst                Conj/Fire      0%         6d3       100%        6
 Summon Cactus Giant      Summ           0%         N/A       100%        6
 Summon Hydra             Summ           0%         N/A       100%        7
 Maxwell's Capacitive Co  Air            0%         ∞         100%        8
 Fire Storm               Conj/Fire      0%         5d1       100%        9


Dungeon Overview and Level Annotations

Branches:
Dungeon (11/15)            Temple (1/1) D:7            Lair (3/5) D:10
  Swamp (0/4) Lair:2
  Snake: Lair:2-3    Spider: Lair:2-3       Orc: D:9-12

Altars:
Ashenzari
Cheibriados
Dithmenos
Elyvilon
Fedhas
Gozag
Hepliaklqana
Kikubaaqudgha
Makhleb
Nemelex Xobeh
Okawaru
Qazlal
Ru
Sif Muna
Uskayaw
Vehumet
Wu Jian
Xom
Zin
The Shining One

Shops:
D:3 =   D:9 *   D:11 ?(=:

Annotations:
D:4 exclusion: statue
D:5 3 runed translucent doors, ezpacito's ghost, novice DsGl; olourkin's ghost, novice DsGl; pokeman's ghost, novice DEHW
D:7 Jeremiah


Innate Abilities, Weirdness & Mutations

You are a tree.
Your roots penetrate the ground, keeping you stationary.
You cannot be teleported.
You are immune to unholy pain and torment.
Your maximum health is greatly increased.
Your equipment is partially melded.
You can wield a second weapon in your off-hand.
It takes a long time for you to wield or remove held weapons.
Your first few attacks do less damage.
((Your first movements take longer.))


Message History

The elephant tramples you but does no damage.
The elephant trunk-slaps you. The elephant closely misses you.
The elephant trunk-slaps you but does no damage.
The elephant tramples you.
You hold your ground!
The elephant trunk-slaps you but does no damage.
The elephant tramples you but does no damage.
The elephant trunk-slaps you.
* * * LOW HITPOINT WARNING * * *
The elephant tramples you.
* * * LOW HITPOINT WARNING * * *
You hold your ground!
The elephant trunk-slaps you.
* * * LOW HITPOINT WARNING * * *
You see here a cane toad corpse.
You take 13 damage, and have 17/94 hp.
You now have 2/15 mp.
You turn into a tree.
Your +0 helmet melds into your body.
Your +0 pair of gloves melds into your body.
Your +2 pair of boots melds into your body.
Your +0 plate armour melds into your body.
Your roots penetrate the ground.
You feel sick.
The elephant tramples you but does no damage.
The elephant trunk-slaps you.
* * * LOW HITPOINT WARNING * * *
The elephant tramples you but does no damage.
The elephant trunk-slaps you.
* * * LOW HITPOINT WARNING * * *
The elephant tramples you but does no damage.
The elephant trunk-slaps you but does no damage.
You now have 21/141 hp.
You hit the elephant with your +0 falchion.
The elephant is moderately wounded.
You slash the elephant with your +1 long sword!
You feel sick. The elephant tramples you.
* * * LOW HITPOINT WARNING * * *
The elephant trunk-slaps you but does no damage.
The elephant tramples you!
* * * LOW HITPOINT WARNING * * *
The elephant trunk-slaps you but does no damage.
The elephant tramples you.
You die...
Cheibriados appreciates the motionlessness of death.

............# ..#
............###.#.
.....(..............
....................
......Y............
............#
.#.+###.##.##
###.##.###Y##
#..+..## #Y♣#
#.....###Y.#
#......##.P# .
#.....###..# .#..
#......##.## +...
#.....##..# #..#
#.#.#.###..
##..####.#### #..
.....##.....#....


You could see 3 elephants.

Vanquished Creatures
  5 two-headed ogres
  A goliath frog (Lair:2)
  An ugly thing (D:11)
  3 elephants
  A torpor snail (Lair:2)
  A black mamba (Lair:2)
  A gargoyle (D:11)
  4 cane toads
  A rime drake (D:10)
  A kobold demonologist (D:10)
  2 komodo dragons
  3 trolls
  A polar bear (Lair:2)
  2 hornets
  A shadow (D:11)
  16 yaks
  4 wyverns
  4 wraiths
  2 basilisks
  7 water moccasins
  2 orc warriors
  Duvessa (D:5)
  A black bear (D:5)
  4 sky beasts
  2 ogres
  2 wolves (D:10)
  2 ice beasts
  2 centaurs
  2 kobold brigands
  Blork the orc (D:4)
  5 bullfrogs
  2 scorpions
  Dowan (D:5)
  2 howler monkeys (D:11)
  2 electric eels (Lair:1)
  4 hounds
  A jelly (D:3)
  3 bombardier beetles
  6 orc priests
  5 iguanas
  3 sleepcaps
  Jessica (D:3)
  11 orc wizards
  5 hell rats (Lair:2)
  6 gnolls
  2 adders (D:5)
  2 river rats (D:3)
  3 white imps
  4 ufetubi
  5 ribbon worms
  35 orcs
  11 endoplasms
  7 giant cockroaches
  5 goblins
  3 hobgoblins
  5 jackals (D:2)
  14 kobolds
  3 quokkas
  11 ball pythons
  6 bats
  5 frilled lizards
  10 rats
268 creatures vanquished.

Notes
Turn   | Place    | Note
-------+----------+-------------------------------------------
     0 | D:1      | jasper the Coglin Gladiator began the quest for the Orb.
     0 | D:1      | Reached XP level 1. HP: 16/16 MP: 1/1
   211 | D:1      | Reached XP level 2. HP: 22/22 MP: 2/2
   382 | D:1      | Reached skill level 4 in Long Blades
   425 | D:1      | Reached XP level 3. HP: 27/27 MP: 3/3
   954 | D:2      | Reached XP level 4. HP: 33/33 MP: 4/4
  1076 | D:2      | You fall into a shaft and drop 1 floor!
  1090 | D:3      | Noticed Jessica
  1097 | D:3      | Killed Jessica
  1098 | D:3      | Reached skill level 5 in Long Blades
  1199 | D:3      | Found a glowing golden altar of the Shining One.
  1214 | D:3      | Reached XP level 5. HP: 18/38 MP: 5/5
  1448 | D:3      | Reached skill level 6 in Long Blades
  1486 | D:3      | Reached XP level 6. HP: 36/44 MP: 6/6
  1668 | D:3      | Found Ovygot's Jewellery Shoppe.
  2263 | D:2      | Reached skill level 7 in Long Blades
  2286 | D:2      | Identified the +0 robe of the Monk {Will+}
  2804 | D:4      | Reached XP level 7. HP: 41/50 MP: 5/7
  2855 | D:4      | Noticed Blork the orc
  2864 | D:4      | Killed Blork the orc
  2865 | D:4      | Reached skill level 8 in Long Blades
  3086 | D:4      | Found a radiant altar of Vehumet.
  3446 | D:4      | Identified the +2 leather armour of Dogmatism {Will+ Str+8
                  | Slay-3}
  3514 | D:4      | Found a shadowy altar of Dithmenos.
  3605 | D:5      | Entered Level 5 of the Dungeon
  3887 | D:5      | Reached skill level 9 in Long Blades
  3907 | D:5      | Noticed Duvessa
  3909 | D:5      | Noticed Dowan
  3916 | D:5      | Killed Duvessa
  3917 | D:5      | Reached XP level 8. HP: 51/56 MP: 6/8
  3931 | D:5      | Killed Dowan
  4107 | D:5      | Found a hazy altar of Hepliaklqana.
  4107 | D:5      | Found a sacrificial altar of Ru.
  4264 | D:5      | Reached skill level 10 in Long Blades
  4656 | D:5      | Found a runed translucent gate.
  4656 | D:5      | Found a runed translucent gate.
  4656 | D:5      | Found a runed translucent gate.
  4661 | D:5      | Noticed ezpacito's ghost (novice DsGl)
  4661 | D:5      | Noticed pokeman's ghost (novice DEHW)
  4662 | D:5      | Noticed olourkin's ghost (novice DsGl)
  4817 | D:5      | Noticed a yak
  4822 | D:5      | Noticed a two-headed ogre
  4829 | D:5      | Killed a yak
  4830 | D:5      | Reached skill level 11 in Long Blades
  4838 | D:5      | Killed a two-headed ogre
  4839 | D:5      | Reached skill level 12 in Long Blades
  4839 | D:5      | Reached XP level 9. HP: 59/61 MP: 9/9
  5915 | D:6      | Learned a level 2 spell: Blink
  5917 | D:6      | Learned a level 1 spell: Apportation
  6318 | D:7      | Reached skill level 13 in Long Blades
  6432 | D:7      | Found a staircase to the Ecumenical Temple.
  6438 | Temple   | Entered the Ecumenical Temple
  6464 | Temple   | Became a worshipper of Cheibriados the Contemplative
  6527 | D:7      | Noticed Jeremiah
  6758 | D:7      | Found a burning altar of Makhleb.
  7600 | D:8      | Reached * piety under Cheibriados
  7601 | D:8      | Reached XP level 10. HP: 61/67 MP: 8/10
  7658 | D:8      | Reached skill level 14 in Long Blades
  7929 | D:8      | Noticed a two-headed ogre
  7935 | D:8      | Killed a two-headed ogre
  7936 | D:8      | Reached skill level 1 in Armour
  8217 | D:9      | Noticed a two-headed ogre
  8225 | D:9      | Killed a two-headed ogre
  8317 | D:9      | Found Erowilao's Assorted Antiques.
  8436 | D:9      | Noticed a cyclops
  8437 | D:9      | Noticed a two-headed ogre
  8438 | D:9      | HP: 1/71 [two-headed ogre/+0 giant spiked club (20)]
  8772 | D:9      | Bought a scroll of fog for 124 gold pieces
  8772 | D:9      | Bought a scroll of identify for 62 gold pieces
  8772 | D:9      | Bought a scroll of immolation for 124 gold pieces
  8790 | D:10     | Entered Level 10 of the Dungeon
  9043 | D:10     | Found a staircase to the Lair.
  9236 | D:10     | Reached ** piety under Cheibriados
  9459 | D:10     | Got the Reference Book on Decalescent Stolen Souls
  9740 | D:10     | Noticed a kobold demonologist
  9759 | D:10     | Killed a kobold demonologist
  9760 | D:10     | Reached skill level 5 in Fighting
  9760 | D:10     | Reached skill level 5 in Dodging
 10054 | D:11     | Found Cajil's Magic Scroll Shop.
 10063 | D:11     | Bought a scroll of enchant armour for 82 gold pieces
 10063 | D:11     | Bought a scroll of fog for 44 gold pieces
 10071 | D:11     | Noticed a two-headed ogre
 10082 | D:11     | Killed a two-headed ogre
 10083 | D:11     | Reached XP level 11. HP: 50/80 MP: 6/11
 10346 | D:11     | Noticed a two-headed ogre
 10354 | D:11     | Killed a two-headed ogre
 10355 | D:11     | Reached skill level 5 in Armour
 10502 | D:11     | Found Veha's Jewellery Boutique.
 10544 | D:11     | Found Uvybb's Book Shoppe.
 10726 | D:11     | Noticed a red ugly thing
 10741 | D:11     | Killed a red ugly thing
 10843 | D:11     | Paralysed by a hornet for 3 turns
 11231 | D:11     | Found Loti's Weapon Shoppe.
 11340 | Lair:1   | Entered Level 1 of the Lair of Beasts
 11722 | Lair:1   | Reached *** piety under Cheibriados
 11973 | Lair:1   | You fall into a shaft and drop 1 floor!
 12165 | Lair:2   | Reached XP level 12. HP: 92/92 MP: 12/12
 12582 | Lair:2   | Found a glowing silver altar of Zin.
 12797 | Lair:2   | Reached **** piety under Cheibriados
 13099 | Lair:2   | Found a staircase to the Swamp.
 13117 | Lair:2   | Reached skill level 1 in Invocations
 13117 | Lair:2   | Paralysed by a hornet for 1 turns
 14562 | Lair:3   | HP: 5/141 [elephant (9)]
 14562 | Lair:3   | Slain by an elephant

Illustrated notes

Levels and vault maps discovered:
D:1:      scummos_arrival_simple_fountains, layout_loops_cross,
          serial_bayou_pond_c
D:2:      layout_basic, minmay_crystal_room
D:3:      layout_loops_ring, mainiacjoe_overflow_concentric_impassable,
          serial_shops, nicolae_shop_advertising_works
          [nicolae_subvault_shop_adworks], portal_sewer_entry_e, uniq_jessica
D:4:      layout_gridville, nicolae_dithmenos_the_darkroom, vehumet_statue,
          minivault_1, uniq_blork_the_orc
D:5:      layout_loops_corners, nicolae_overflow_two_pavilions,
          gammafunk_ghost_cemetery, minmay_manual_maat, uniq_duvessa
D:6:      layout_basic, serial_co_window_serial, co_window_of_opportunity_a,
          co_window_paths_a, co_window_corner_a, co_window_of_opportunity_a,
          co_window_paths_b, co_window_paths_c, co_window_broadway_a,
          co_window_broadway_b, co_window_corner_b, co_window_unsneaky_path_b,
          co_window_corner_ca
D:7:      layout_loops_ring, makhleb_heckhound_becter, marbit_many_paths,
          minmay_temple_entry_waves, uniq_jeremiah
D:8:      layout_basic
D:9:      layout_loops_ring, lemuel_mausoleum_altar_yredelemnul, serial_shops,
          nicolae_shop_peninsula
D:10:     layout_loops_corners, hellmonk_lair_entry_icy
D:11:     layout_basic, serial_shops, shop, nicolae_shop_back_alley_shop, shop,
          kennysheep_mini_moat, minmay_starry_boxes
Temple:   minmay_temple_curvy_branch
Lair:1:   layout_layer_cave, serial_bayou_lagoon_b, lemuel_fruit_tree
Lair:2:   layout_small_grid, mainiacjoe_swamp_entry_lozenge_pond,
          lemuel_altar_in_water2, chequers_serial_rivers_large_a
Lair:3:   layout_regular_city, minmay_snake_entry_guardpost_small, basic_altar,
          uniq_gastronok

Skill      XL: |  1  2  3  4  5  6  7  8  9 10 11 12 |
---------------+-------------------------------------+-----
Long Blades    | 4 5 6 7 9 12 13 14 | 14.0
Fighting       | 5 7 8 |  8.4
Armour         | 4 6 7 |  7.3
Dodging        | 5 7 |  7.9
Invocations    | 4 |  4.1
Throwing       | |  1.7

Action                     |  1- 3 |  4- 6 |  7- 9 | 10-12 || total
---------------------------+-------+-------+-------+-------++-------
  Melee: Long sword        |    47 |   128 |   283 |   370 ||   828
         Short sword       |    39 |   107 |   114 |       ||   260
         Rapier            |       |    16 |    66 |       ||    82
         Falchion          |       |       |    64 |   360 ||   424
         Dagger            |       |       |    27 |       ||    27
  Throw: Dart              |    14 |     4 |    21 |    48 ||    87
         Throwing net      |       |       |     2 |       ||     2
  Evoke: Wand              |       |       |       |     6 ||     6
    Use: Scroll            |     2 |       |    10 |    12 ||    24
         Potion            |       |     2 |       |     5 ||     7
   Stab: Sleeping          |     2 |       |       |       ||     2
         Held in net/web   |       |       |     4 |       ||     4
         Invisible         |       |       |       |     7 ||     7
 Armour: Leather armour    |    17 |    47 |    43 |       ||   107
         Ring mail         |       |       |   124 |       ||   124
         Plate armour      |       |       |    11 |   285 ||   296
         Skin              |       |       |       |    11 ||    11
  Dodge: Dodged            |    31 |    87 |   143 |   171 ||   432

Table legend: (Time is in decaauts)
 A = Elapsed time spent in this place.
 B = Non-inter-level travel time spent in this place.
 C = Inter-level travel time spent in this place.
 D = Time resting spent in this place.
 E = Time spent auto-exploring this place.
 F = Levels seen in this place.
 G = Mean time per level.
                   A        B        C        D        E       F      G
               +--------+--------+--------+--------+--------+-----+--------+
         Total |  17464 |  16784 |    680 |    750 |  13653 |  15 | 1164.3 |
       Dungeon |  12683 |  12240 |    443 |    741 |   9566 |  11 | 1153.0 |
        Temple |     60 |      3 |     57 |      0 |      0 |   1 |   60.0 |
          Lair |   4720 |   4541 |    179 |      9 |   4086 |   3 | 1573.3 |
               +--------+--------+--------+--------+--------+-----+--------+

Top non-repeatable levels by time:
  Lair:1: 2253 daAuts
  Lair:2: 2012 daAuts
    D:11: 1635 daAuts
    D:10: 1621 daAuts
     D:5: 1574 daAuts
     D:8: 1535 daAuts
     D:6: 1292 daAuts
     D:3: 1017 daAuts
     D:2: 964 daAuts
     D:1: 897 daAuts
     D:4: 886 daAuts
     D:9: 751 daAuts
     D:7: 506 daAuts
  Lair:3: 454 daAuts
  Temple: 60 daAuts
